AoeStats
← Iluvatar

MegaRandom

510148672Analyzed
4v4 RM · 21h ago on Sep 29, 2026· 29m 4s· 8 players
Game mode
Random Map
Map size
Large (8 player)
Population
200
Speed
Normal
Resources
Standard
Victory
Conquest
Starting age
Dark Age
Ending age
Imperial Age
RankedLock teamsTeams togetherTeam positionsShared explorationLock speedFull tech treeHidden civsTurbo modeCheats
Victory
Defeat
🇨🇳 Varangians · China
926
+14
🇺🇸 Burmese · United States
925
+14
🇦🇷 Byzantines · Argentina
869
+17
🇨🇳 Japanese · China
851
+19
🇫🇷 Lithuanians · France
905
-17
🇸🇪 Teutons · Sweden
894
-16
🇩🇪 Spanish · Germany
888
-16
🇨🇳 Franks · China
865
-15
MamDé62
Shusai
13:00 Feudal Age
18:54 Castle Age
17:36 Double-Bit Axe
19:42 Horse Collar
20:20 Bow Saw
21:45 Heavy Plow
25:47 Bloodlines
28:04 Wheelbarrow
Skibidi Bop
12:23 Feudal Age
19:34 Castle Age
18:40 Double-Bit Axe
18:38 Horse Collar
18:52 Gold Mining
20:25 Loom
21:18 Stone Mining
22:06 Forging
22:02 Scale Barding Armor
22:01 Husbandry
25:39 Chain Barding Armor
25:55 Iron Casting
26:04 Bloodlines
梦寐一秋.
12:32 Feudal Age
17:38 Castle Age
16:14 Double-Bit Axe
Nasa
13:14 Loom
17:30 Feudal Age
17:55 Double-Bit Axe
21:38 Castle Age
27:38 Imperial Age
26:39 Horse Collar
27:03 Caravan
27:36 Heavy Plow
27:59 Bow Saw
29:20 Crop Rotation
30:05 Two-Man Saw
yzainc
2:58 Loom
13:20 Feudal Age
14:51 Horse Collar
18:41 Castle Age
17:13 Padded Archer Armor
18:39 Bloodlines
19:31 Husbandry
20:07 Gold Mining
22:45 Gold Shaft Mining
22:52 Wheelbarrow
小菜机
13:45 Feudal Age
16:11 Double-Bit Axe
23:39 Castle Age
21:45 Gold Mining
22:52 Bloodlines
26:10 Pikeman
Iluvatar
6:27 Loom
12:09 Feudal Age
14:16 Double-Bit Axe
19:45 Castle Age
19:28 Horse Collar
21:39 Bow Saw
22:00 Heavy Plow
26:44 Gold Mining
Connection lost

Rejoining the realm…

Still unreachable

The connection could not be restored.

Session expired

The server has moved on; the page needs a fresh start.